AoeStats
← t_ttieshotsonly

Black Forest

510445623Analyzed
4v4 RM · 2d ago on Oct 1, 2026· 24m 0s· 8 players
Game mode
Random Map
Map size
Large (8 player)
Population
200
Speed
Normal
Resources
Standard
Victory
Conquest
Starting age
Dark Age
Ending age
Imperial Age
RankedLock teamsTeams togetherTeam positionsShared explorationLock speedFull tech treeHidden civsTurbo modeCheats
Victory
Defeat
🇺🇸 Lithuanians · United States
880
+14
🇺🇸 Gurjaras · United States
831
+16
🇺🇸 Spanish · United States
808
+16
🇺🇸 Inca · United States
806
+17
🇨🇳 Teutons · China
839
-16
🇭🇰 Gurjaras · Hong Kong SAR China
833
-16
🇺🇸 Romans · United States
828
-16
🇨🇱 Mongols · Chile
816
-15
Fabián
0:32 Loom
9:42 Feudal Age
11:04 Double-Bit Axe
17:27 Castle Age
15:44 Fishing Lines
16:47 Gold Mining
16:40 Horse Collar
18:28 Gillnets
19:24 Pikeman
21:25 Squires
21:10 Arson
mm787
11:36 Feudal Age
12:07 Double-Bit Axe
14:44 Horse Collar
17:21 Castle Age
19:03 Wheelbarrow
18:49 Bow Saw
18:46 Heavy Plow
22:58 Hand Cart
22:37 Man-at-Arms
22:47 Pikeman
23:34 Squires
23:35 Scale Mail Armor
23:46 Forging
泥工后勤大队长
11:23 Feudal Age
12:10 Double-Bit Axe
21:13 Castle Age
19:06 Stone Mining
20:35 Forging
20:25 Scale Mail Armor
hckwok823
10:14 Feudal Age
12:11 Double-Bit Axe
14:52 Castle Age
12:45 Horse Collar
14:47 Gold Mining
16:29 Bow Saw
17:00 Wheelbarrow
18:42 Heavy Plow
20:35 Loom
t_ttieshotsonly
12:48 Feudal Age
13:57 Horse Collar
14:03 Double-Bit Axe
17:40 Champi Runner
18:07 Arson
22:00 Castle Age
23:20 Heavy Plow
23:31 Bow Saw
23:00 Champi Warrior
23:41 Squires
CuddlingPenguin
1:54 Loom
12:15 Feudal Age
15:52 Castle Age
20:14 Fletching
20:43 Padded Archer Armor
20:45 Elite Skirmisher
Dilldozer101
13:04 Feudal Age
17:39 Castle Age
16:42 Horse Collar
16:48 Double-Bit Axe
Hippochamp511
11:18 Feudal Age
15:04 Castle Age
13:13 Double-Bit Axe
14:31 Bloodlines
14:28 Scale Barding Armor
15:43 Forging
Connection lost

Rejoining the realm…

Still unreachable

The connection could not be restored.

Session expired

The server has moved on; the page needs a fresh start.